 Dungeon Crawl Stone Soup version 0.24-a0-235-g3f03afc (webtiles) character file.

Game seed: 2441927606536461773

83 xeno23 the Sneak (level 4, -2/29 HPs)
             Began as an Octopode Assassin on Apr 7, 2019.
             Slain by a centaur skeleton (4 damage)
             ... on level 4 of the Dungeon.
             The game lasted 00:04:46 (1671 turns).

xeno23 the Sneak (Octopode Assassin)                Turns: 1671, Time: 00:04:47

Health: -2/29      AC:  1    Str: 10    XL:     4   Next: 44%
Magic:  4/4        EV: 13    Int: 13    God:
Gold:   108        SH:  0    Dex: 14    Spells: 3/3 levels left

rFire    . . .     SeeInvis .   a - +1 short sword (drain)
rCold    + . .     Gourm    .   (no shield)
rNeg     . . .     Faith    .   (helmet restricted)
rPois    .         Spirit   .   (no amulet)
rElec    .         Reflect  .   i - ring of protection from cold
rCorr    .         Harm     .   (no ring)
MR       .....                  (no ring)
Stlth    ++++......             (no ring)
HPRegen  0.09/turn              (no ring)
MPRegen  0.09/turn              (no ring)
                                (no ring)
                                (no ring)

@: no status effects
A: almost no armour, stealthy swim, amphibious, 8 rings, constrict 8, camouflage
1, gelatinous body 1
a: no special abilities


You were on level 4 of the Dungeon.
You were not hungry.

You visited 2 branches of the dungeon, and saw 5 of its levels.

You collected 108 gold pieces.

Inventory:

Hand Weapons
 a - a +1 short sword of draining (weapon)
 s - a +0 blowgun
Missiles
 c - 8 poisoned needles
 d - 2 curare-tipped needles
Jewellery
 i - a ring of protection from cold (left tentacle)
Wands
 k - a wand of iceblast (6)
Scrolls
 b - a scroll of amnesia {unknown}
 e - 2 scrolls of identify {unknown}
 g - 4 scrolls of enchant armour {unknown}
 h - 4 scrolls of remove curse {unknown}
 j - a scroll of enchant weapon {unknown}
 l - a scroll of fear {unknown}
Comestibles
 f - 3 rations
 m - 2 chunks of flesh


   Skills:
 - Level 2.0 Fighting
 * Level 3.9 Short Blades
 - Level 2.0 Throwing
 - Level 1.0 Dodging
 + Level 6.2 Stealth


You had 3 spell levels left.
You didn't know any spells.
Your spell library was empty.

Dungeon Overview and Level Annotations

Branches:
Dungeon (4/15)             Temple (1/1) D:4

Altars:
Cheibriados
Elyvilon
Gozag
Hepliaklqana
Kikubaaqudgha
Okawaru
Qazlal
Sif Muna
Trog
Vehumet
Wu Jian
Xom
Yredelemnul
The Shining One


Innate Abilities, Weirdness & Mutations

You cannot wear most types of armour.
You are very stealthy in the water. (Stealth+)
You are amphibious.
You can wear up to eight rings at the same time.
You can use your tentacles to constrict eight enemies at once.
Your skin changes colour to match your surroundings (Stealth+).
Your rubbery body absorbs attacks. (AC +1, EV +1)


Message History

You hit the centaur skeleton. You squeeze the centaur skeleton.
The centaur skeleton is severely damaged.
The centaur skeleton hits you. The centaur skeleton hits you!
* * * LOW HITPOINT WARNING * * *
You take 12 damage.
You hit the centaur skeleton.
The centaur skeleton is severely damaged.
The centaur skeleton hits you.
* * * LOW HITPOINT WARNING * * *
You take 1 damage.
You hit the centaur skeleton.
The centaur skeleton is almost destroyed.
The centaur skeleton barely misses you.
You hit the centaur skeleton.
The centaur skeleton is almost destroyed.
The centaur skeleton barely misses you.
You hit the centaur skeleton.
The centaur skeleton is almost destroyed.
The centaur skeleton hits you.
You die...

##### ##...# ##+#########
......# #..
#.....##.###...
..###...........#.######
#....^....##.##.#......#
....#.....##.#.Z@...#
.##.#........#..#.#.##
.##.#####.####..#....# #
.##.##.......#..#.#..#.#
.##.##..........#......#
....##.......#.......###
..........<..##.........#
.##.##.......##.#.##..#.#
###.##.......##.#.# ..# #


You could see a centaur skeleton.

Vanquished Creatures
  An orc priest (D:4)
  An adder (D:2)
  A dart slug (D:1)
  A leopard gecko (D:4)
  An orc (D:4)
  2 ball pythons (D:1)
  2 giant cockroaches (D:1)
  4 hobgoblins (D:1)
  4 jackals (D:1)
  6 bats
  2 frilled lizards (D:1)
  5 goblins (D:1)
  6 kobolds (D:1)
  3 rats (D:1)
39 creatures vanquished.

Notes
Turn   | Place    | Note
-------+----------+-------------------------------------------
     0 | D:1      | xeno23 the Octopode Assassin began the quest for the Orb.
     0 | D:1      | Reached XP level 1. HP: 14/14 MP: 1/1
   127 | D:1      | Reached XP level 2. HP: 6/19 MP: 2/2
   342 | D:1      | Reached XP level 3. HP: 17/24 MP: 3/3
   846 | D:2      | Reached skill level 6 in Stealth
   882 | D:2      | You fall through a shaft for 2 floors!
   882 | D:4      | Found a staircase to the Ecumenical Temple.
   889 | Temple   | Entered the Ecumenical Temple
  1397 | D:4      | Reached XP level 4. HP: 7/29 MP: 4/4
  1399 | D:4      | HP: 1/29 [orc/+0 dagger (4)]
  1671 | D:4      | Slain by a centaur skeleton

Levels and vault maps discovered:
D:1:      evilmike_arrival_hilbert_curve, layout_rooms, minmay_door_square
D:2:      layout_basic, cheibriados_altar_1
D:3:      layout_rooms, grunt_ministairs_9
D:4:      layout_loops_cross, temple_fountains, first_ration,
          kennysheep_generic_room_11
Temple:   eino_temple_water

Skill      XL: |  1  2  3 |
---------------+----------+-----
Short Blades   | 3 |  3.9
Stealth        | 6 |  6.2
Fighting       | |  2.0
Throwing       | |  2.0
Dodging        | |  1.0

Action                   |  1- 3 |  4- 6 || total
-------------------------+-------+-------++-------
Melee: Short sword       |    54 |    14 ||    68
       Constrict         |    14 |     1 ||    15
       Tentacles         |     8 |     1 ||     9
       Dagger            |     2 |       ||     2
 Stab: Sleeping          |    12 |     1 ||    13
  Eat: Ration            |       |     1 ||     1
Armor: Skin              |     1 |       ||     1
Dodge: Dodged            |    30 |     5 ||    35

Table legend:
 A = Non-vault XP
 B = Vault XP
 C = Vault XP percentage of total XP
 D = Non-vault monster count
 E = Vault monster count
 F = Vault count percentage of total count
                 A         B        C        D         E       F
            +---------+---------+-------+---------+---------+-------
      Total |     119 |       0 |   0.0 |      39 |       0 |   0.0
            +---------+---------+-------+---------+---------+-------
        D:1 |      53 |       0 |   0.0 |      32 |       0 |   0.0
        D:2 |      19 |       0 |   0.0 |       4 |       0 |   0.0
        D:4 |      47 |       0 |   0.0 |       3 |       0 |   0.0
            +---------+---------+-------+---------+---------+-------
